 Dungeon Crawl Stone Soup version 0.18.1-48-g4cf74bf (webtiles) character file.

35 pokedragonboy the Conjurer (level 3, -1/19 HPs)
             Began as a Deep Elf Conjurer on Sept 5, 2016.
             Slain by an adder (5 damage)
             ... on level 2 of the Dungeon.
             The game lasted 00:05:44 (921 turns).

pokedragonboy the Conjurer (Deep Elf Conjurer)       Turns: 921, Time: 00:05:44

Health: -1/19      AC:  3    Str:  5    XL:     3   Next: 16%
Magic:  9/9        EV: 13    Int: 20    God:
Gold:   98         SH:  0    Dex: 15    Spells: 2 memorised, 5 levels left

rFire  . . .     SeeInvis .     g - +0 spear
rCold  . . .     Gourm    .     a - +0 robe
rNeg   . . .     Faith    .     (no shield)
rPois  .         Spirit   .     (no helmet)
rElec  .         Dismiss  .     (no cloak)
rCorr  .         Reflect  .     d - +0 pair of gloves
SustAt .         Harm     .     (no boots)
MR     .....                    (no amulet)
Stlth  ++........               (no ring)
                                (no ring)

@: lethally poisoned (-1 -> -7), not resistant to hostile enchantments,
unstealthy
A: no striking features
a: no special abilities


You were on level 2 of the Dungeon.
You were not hungry.

You visited 1 branch of the dungeon, and saw 2 of its levels.

You collected 98 gold pieces.

Inventory:

Hand Weapons
 g - a +0 spear (weapon)
Armour
 a - a +0 robe (worn)
 d - a +0 pair of gloves (worn)
Jewellery
 k - an uncursed amulet of the gourmand {unknown}
Scrolls
 e - 4 scrolls of identify {unknown}
 i - a scroll of fog {unknown}
 l - a scroll of remove curse {unknown}
 m - a scroll of noise {unknown}
 p - a scroll of random uselessness {unknown}
Potions
 f - a potion of brilliance {unknown}
 h - a potion of degeneration {unknown}
 j - a potion of cure mutation {unknown}
 n - a potion of agility {unknown}
 o - a potion of curing {unknown}
Books
 b - a book of Conjurations

   Spells                             Type                      Level
   a - Magic Dart                     Conjuration                  1
   b - Searing Ray                    Conjuration                  2
   c - Dazzling Spray                 Conjuration/Hexes            3
   d - Fulminant Prism                Conjuration/Hexes            4
   e - Iskenderun's Mystic Blast      Conjuration                  4
   f - Iskenderun's Battlesphere      Conjuration/Charms           5
Comestibles
 c - 2 bread rations


   Skills:
 + Level 2.8 Dodging
 + Level 2.6 Stealth
 + Level 3.2 Spellcasting
 + Level 5.2 Conjurations


You had 5 spell levels left.
You knew the following spells:

 Your Spells              Type           Power        Failure   Level  Hunger
a - Magic Dart            Conj           ###.         1%          1    None
b - Searing Ray           Conj           ###...       2%          2    ##.....


Dungeon Overview and Level Annotations

Branches:
Dungeon (2/15)

Altars:
Ru


Message History

The adder is heavily wounded.
You feel sick. The adder barely misses you.
You barely miss the adder.
The adder is heavily wounded.
The adder misses you. x2
You hit the adder.
The adder is severely wounded.
You feel sick. The adder bites you but does no damage.
You hit the adder but do no damage.
The adder is severely wounded.
The adder closely misses you. x2
You barely miss the adder.
The adder is severely wounded.
You feel sick. The adder closely misses you.
You hit the adder.
The adder is severely wounded.
The adder bites you.
* * * LOW HITPOINT WARNING * * *
The adder bites you.
You die...

............#.~~~.#
............#~...~#
.##.......#.#~._.~# #
..#.......#.#~...~# .#
..#.......#.#.~~~.#..#
..#.......#.#.....#..#
..#.......##.#...#...#
..#.......###.#.#....#
..#.......# #..#@..###
..# #...S.## ###
##...## #####


You could see an adder.

Vanquished Creatures
  An adder (D:2)
  A giant cockroach (D:1)
  5 hobgoblins (D:1)
  4 jackals (D:1)
  6 bats
  A giant newt (D:1)
  2 kobolds (D:1)
  5 rats
25 creatures vanquished.

Notes
Turn   | Place    | Note
--------------------------------------------------------------
     0 | D:1      | pokedragonboy the Deep Elf Conjurer began the quest for the Orb.
     0 | D:1      | Reached XP level 1. HP: 10/10 MP: 6/6
   220 | D:1      | Reached XP level 2. HP: 9/15 MP: 8/8
   229 | D:1      | Learned a level 2 spell: Searing Ray
   341 | D:1      | Reached skill level 5 in Conjurations
   756 | D:2      | Reached XP level 3. HP: 19/19 MP: 6/9
   888 | D:2      | Found a sacrificial altar of Ru.
   921 | D:2      | Slain by an adder

Skill      XL: |  1  2 |
---------------+-------+-----
Conjurations   | 5 |  5.2
Dodging        | |  2.8
Stealth        | |  2.6
Spellcasting   | |  3.2

Action                   || total
-------------------------++-------
Melee: Spear             ||    35
       Unarmed           ||     1
 Cast: Magic Dart        ||    41
Armor: Robe              ||    16
Dodge: Dodged            ||    41
